 Dungeon Crawl Stone Soup version 0.20-a0-923-g548304e (webtiles) character file.

5757 4thArraOfDagon the Covert (level 10, -4/48 HPs)
             Began as a Felid Wanderer on Mar 26, 2017.
             Was a Believer of Cheibriados.
             Slain by Erolcha
             ... wielding a +4 giant club
              (24 damage)
             ... on level 10 of the Dungeon.
             The game lasted 00:35:59 (5863 turns).

4thArraOfDagon the Covert (Felid Wanderer)          Turns: 5863, Time: 00:36:00

Health: -4/48      AC:  2    Str: 13    XL:     10   Next: 49%
Magic:  25/25      EV: 28    Int: 24    God:    Cheibriados [**....]
Gold:   471        SH:  5    Dex: 20    Spells: 2/9 levels left
                                        Lives:  0   Deaths: 2

rFire    . . .     SeeInvis +     - Unarmed
rCold    . . .     Gourm    .   (shield unavailable)
rNeg     + . .     Faith    .   (armour unavailable)
rPois    .         Spirit   .   (helmet unavailable)
rElec    .         Reflect  +   (cloak unavailable)
rCorr    .         Harm     .   (gloves unavailable)
MR       +....                  (boots unavailable)
Stlth    ++++++....             x - +5 amulet of reflection
Regen    0.2/turn               n - ring of positive energy
MPRegen  0.2/turn               t - ring of magical power

@: very slow
A: no armour, no weapons or thrown items, stealth, claws 1, fangs 3, see
invisible, carnivore 3, dopey 1, speed 1, shaggy fur 2, slow metabolism 1,
evolution 1, sharp paws
a: Bend Time, Renounce Religion


You were on level 10 of the Dungeon.
You worshipped Cheibriados.
Cheibriados was pleased with you.
You were very full.

You visited 2 branches of the dungeon, and saw 16 of its levels.

You collected 493 gold pieces.
You spent 22 gold pieces at shops.

Inventory:

Jewellery
 n - a ring of positive energy (left paw)
 t - a ring of magical power (right paw)
 x - a +5 amulet of reflection (around neck)
Wands
 l - a wand of clouds (0/9)
 z - a wand of iceblast (0/15)
 A - a wand of acid (0/15)
Scrolls
 b - a scroll of silence {unknown}
 e - a scroll of vulnerability {unknown}
 f - a scroll of enchant armour
 g - a scroll of fear {unknown}
 h - 4 scrolls of amnesia
 k - a scroll of recharging {unknown}
 m - a scroll of immolation {unknown}
 o - 2 scrolls of magic mapping {unknown}
 p - a scroll of remove curse
 u - a scroll of random uselessness
 v - 3 scrolls of teleportation
 w - 3 scrolls of blinking
Potions
 a - 2 potions of haste
 c - 3 potions of flight
 i - a potion of resistance
 j - a potion of brilliance
 r - a potion of might
 s - a potion of heal wounds
 B - 2 potions of curing
Comestibles
 d - 10 meat rations
 q - 4 royal jellies


   Skills:
 + Level 7.6 Fighting
 + Level 10.6 Dodging
 + Level 11.4 Stealth
 * Level 11.2 Unarmed Combat
 + Level 7.0 Invocations


You had 2 spell levels left.
You knew the following spells:

 Your Spells              Type           Power        Failure   Level  Hunger
a - Blink                 Tloc           N/A          21%         2    ###....
b - Passage of Golubria   Tloc           N/A          97%         4    #####..
c - Apportation           Tloc           #.....       14%         1    ##.....


Dungeon Overview and Level Annotations

Branches:
Dungeon (15/15)            Temple (1/1) D:5             Orc (0/2) D:12
   Lair: D:8-11      Vaults: D:13-14     Depths: D:15

Altars:
Ashenzari
Cheibriados
Dithmenos
Fedhas
Gozag
Hepliaklqana
Kikubaaqudgha
Makhleb
Nemelex Xobeh
Okawaru
Qazlal
Ru
Sif Muna
Uskayaw
Vehumet
Wu Jian
Xom
Yredelemnul
Zin

Shops:
D:5 [:*   D:7 [

Annotations:
D:4 StylePro's ghost, amateur FoFi
D:10 Erolcha


Innate Abilities, Weirdness & Mutations

You cannot wear armour.
You are incapable of wielding weapons or throwing items.
Your paws allow you to move quietly. (Stealth)
You have sharp claws.
You have razor-sharp teeth.
You have supernaturally acute eyesight. (SInv)
You are carnivorous and can eat meat at any time.
You cover ground quickly.
You are covered in thick fur. (AC +2)
You have a slow metabolism.
Your sharp claws are effective at attacking unaware monsters.
You are dopey. (Int -2)
You evolve.


Message History

Erolcha flickers and vanishes for a moment.
Unknown command.
Unknown command.
You completely miss Erolcha. Erolcha closely misses you.
You mangle Erolcha!!
Erolcha is moderately wounded.
Erolcha hits you with an enchanted giant club!!
Ouch! That really hurt!
You feel much better.
Unknown command.
You claw Erolcha!
Erolcha is heavily wounded.
Erolcha points at you and mumbles some strange words.
The orb of energy hits you!
The orb of energy explodes!
Unknown command.
You scratch Erolcha.
Erolcha is heavily wounded.
Erolcha hits you with an enchanted giant club!!
Ouch! That really hurt!
You die...

..# ..# ..#
############..#
..............#####
...................
......O@...........
##########..#####
#..# #..# ######
########..#######
....
.................
....
.................
#..#
#####..#########
#..# #..#


You could see Erolcha (invisible).

Vanquished Creatures
  An ogre mage (D:15)
  4 two-headed ogres (D:15)
  Urug (D:13)
  An unseen horror (D:11)
  A skeletal warrior (D:15)
  A wizard (D:15)
  An ugly thing (D:13)
  A gargoyle (D:10)
  A centaur skeleton (D:13)
  3 trolls
  A dream sheep (D:9)
  3 hippogriffs
  A water elemental (D:11)
  A wyvern (D:10)
  2 yaks (D:13)
  2 vampire mosquitoes (D:14)
  A warg (D:12)
  A sky beast (D:12)
  An ice beast (D:8)
  A phantom (D:7)
  4 ogres
  A crocodile (D:6)
  5 bullfrogs
  A water moccasin zombie (D:6)
  5 scorpions
  12 killer bees
  6 wights
  3 electric eels
  A howler monkey (D:11)
  A crimson imp (D:7)
  2 bullfrog skeletons
  3 centaur zombies
  A bullfrog zombie (D:13)
  3 hounds
  An orc priest (D:5)
  A jelly (D:5)
  An iguana (D:5)
  6 orc wizards
  5 worker ants
  8 adders
  3 gnolls
  A howler monkey zombie (D:7)
  2 shadow imps (D:13)
  An adder skeleton (D:7)
  A worm (D:6)
  4 dart slugs
  4 leopard geckos
  26 orcs
  4 giant cockroaches
  15 goblins
  5 hobgoblins
  5 jackals
  11 kobolds
  4 quokkas
  4 bats
  4 frilled lizards
  5 rats
198 creatures vanquished.

Vanquished Creatures (others)
  3 plants (D:9)
3 creatures vanquished.

Grand Total: 201 creatures vanquished

Notes
Turn   | Place    | Note
-------+----------+-------------------------------------------
     0 | D:1      | 4thArraOfDagon the Felid Wanderer began the quest for the Orb.
     0 | D:1      | 4thArraOfDagon set off with: a potion of haste, a potion of lignification, a potion of curing, a meat ration
     0 | D:1      | Reached XP level 1. HP: 9/9 MP: 2/2
    65 | D:3      | Noticed an orc wizard
    66 | D:3      | Noticed an orc wizard
    75 | D:3      | Killed an orc wizard
    75 | D:3      | Reached XP level 2. HP: 13/13 MP: 3/3
    80 | D:3      | Reached XP level 3. HP: 16/16 MP: 4/4
   146 | D:3      | Reached XP level 4. HP: 8/19 MP: 5/5
   250 | D:4      | Noticed a phantom
   257 | D:5      | Entered Level 5 of the Dungeon
   268 | D:5      | Found Vukoupho's Armour Shoppe.
   357 | D:5      | Found a staircase to the Ecumenical Temple.
   366 | Temple   | Entered the Ecumenical Temple
   487 | Temple   | Became a worshipper of Cheibriados the Contemplative
   526 | D:5      | Reached XP level 5. HP: 8/22 MP: 6/6
   567 | D:5      | Found Mahel's Book Boutique.
   649 | D:4      | Noticed StylePro's ghost (amateur FoFi)
   841 | D:3      | Reached skill level 1 in Invocations
   940 | D:1      | Reached * piety under Cheibriados
  1227 | D:2      | Reached skill level 5 in Dodging
  1292 | D:2      | Gained mutation: You are covered in thick fur. (AC +2) [Felid growth]
  1292 | D:2      | Reached XP level 6. HP: 26/26 MP: 6/8
  1453 | D:4      | Reached ** piety under Cheibriados
  1840 | D:4      | Reached *** piety under Cheibriados
  1965 | D:5      | Reached skill level 5 in Unarmed Combat
  1984 | D:5      | Found Guhinig's Assorted Antiques.
  2063 | D:5      | Reached XP level 7. HP: 29/30 MP: 9/9
  2084 | D:5      | Bought a scroll labeled QUHUHO WIUV for 22 gold pieces
  2460 | D:6      | Found a blossoming altar of Fedhas.
  2491 | D:6      | Was placed under penance by Cheibriados
  2580 | D:6      | Was forgiven by Cheibriados
  2704 | D:6      | Reached XP level 8. HP: 25/34 MP: 11/11
  2838 | D:7      | Found Lyli's Armour Shoppe.
  3426 | D:8      | Noticed a two-headed ogre
  3699 | D:9      | Noticed a dream sheep
  3700 | D:9      | Reached XP level 9. HP: 26/39 MP: 12/12
  3744 | D:10     | Entered Level 10 of the Dungeon
  3760 | D:10     | Noticed an unseen horror
  3971 | D:11     | Reached skill level 5 in Fighting
  4032 | D:13     | Found a snail-covered altar of Cheibriados.
  4054 | D:14     | Reached **** piety under Cheibriados
  4059 | D:14     | Noticed a troll
  4069 | D:14     | Killed a troll
  4362 | D:13     | Noticed a cyan ugly thing
  4365 | D:13     | Killed a cyan ugly thing
  4493 | D:13     | Reached skill level 5 in Invocations
  4493 | D:13     | Reached XP level 10. HP: 30/45 MP: 14/14
  4674 | D:15     | Entered Level 15 of the Dungeon
  4693 | D:15     | Noticed a wizard
  4696 | D:15     | Killed a wizard
  4696 | D:15     | Reached skill level 10 in Stealth
  4715 | D:15     | Noticed a two-headed ogre
  4725 | D:15     | Mangled by a two-headed ogre
  4726 | D:15     | Reached XP level 9. HP: -7/41 MP: 21/23
  4727 | D:15     | Noticed a tengu warrior
  4733 | D:15     | Killed a two-headed ogre
  4751 | D:15     | Noticed a troll
  4762 | D:15     | Killed a troll
  4762 | D:15     | Reached skill level 10 in Unarmed Combat
  4897 | D:15     | Noticed a two-headed ogre
  4899 | D:15     | Noticed a two-headed ogre
  4909 | D:15     | Killed a two-headed ogre
  4909 | D:15     | Reached XP level 10. HP: 39/46 MP: 15/15
  4911 | D:15     | Noticed an ogre mage
  4917 | D:15     | Noticed a two-headed ogre
  4917 | D:15     | Gained mutation: Your flesh is cold resistant. (rC+) [potion of mutation]
  4917 | D:15     | Gained mutation: You are clumsy. (Dex -2) [potion of mutation]
  4917 | D:15     | Gained mutation: Your muscles are strong. (Str +2) [potion of mutation]
  4920 | D:15     | Killed an ogre mage
  4922 | D:15     | Killed a two-headed ogre
  4925 | D:15     | Killed a two-headed ogre
  4925 | D:15     | Reached skill level 10 in Dodging
  4934 | D:15     | Noticed a skeletal warrior
  4946 | D:15     | Killed a skeletal warrior
  4948 | D:15     | Noticed a two-headed ogre
  4963 | D:15     | Noticed a skeletal warrior
  4984 | D:15     | Noticed a skeletal warrior
  4987 | D:15     | Noticed a wizard
  5314 | D:13     | Noticed a vault guard
  5339 | D:13     | Noticed Urug
  5359 | D:13     | Hit by a javelin thrown by Urug
  5360 | D:13     | Reached XP level 9. HP: -13/43 MP: 1/24
  5394 | D:13     | Killed Urug
  5394 | D:13     | Reached XP level 10. HP: 38/47 MP: 16/16
  5432 | D:13     | Learned a level 2 spell: Blink
  5437 | D:13     | Learned a level 4 spell: Passage of Golubria
  5454 | D:12     | Learned a level 1 spell: Apportation
  5518 | D:12     | Found a staircase to the Orcish Mines.
  5703 | D:11     | Noticed an unseen horror
  5711 | D:11     | Killed an unseen horror
  5742 | D:11     | Lost mutation: Your muscles are strong. (Str +2) [potion of mutation]
  5742 | D:11     | Lost mutation: You are clumsy. (Dex -2) [potion of mutation]
  5742 | D:11     | Lost mutation: Your flesh is cold resistant. (rC+) [potion of mutation]
  5742 | D:11     | Gained mutation: You are dopey. (Int -2) [potion of mutation]
  5742 | D:11     | Gained mutation: You evolve. [potion of mutation]
  5820 | D:10     | Noticed a gargoyle
  5827 | D:10     | Killed a gargoyle
  5853 | D:10     | Noticed Erolcha
  5863 | D:10     | Slain by Erolcha

Vault maps used:
D:1:      lemuel_arrival_cross, grunt_decor_resistance
D:3:      minmay_curled_crystal, kennysheep_generic_room_4
D:4:      corexii_shantytown, serial_forest, infiniplex_forest_lined_room_2,
          infiniplex_forest_lined_room_3, infiniplex_forest_clump_medium,
          infiniplex_forest_fountain, infiniplex_forest_lined_corner
D:5:      minmay_temple_entry_mist, first_bread, serial_shops, shop,
          nicolae_shop_crystal, nicolae_shop_statue_plus
D:6:      fedhas_altar_1
D:7:      serial_shops, kennysheep_mini_moat, lightli_minifort
D:8:      lemuel_coloured_pillars_altar
D:9:      hangedman_ranch
D:10:     lair_entry_dummy, serial_shops, shop_fountains, uniq_erolcha
D:11:     guppyfry_shop_earth
D:12:     david_orc_3, kennysheep_cluttered_room
D:13:     david_vaults_5, cheibriados_altar_1, uniq_urug
D:14:     kennysheep_big_empty_room, serial_bayou_pond_c,
          hangedman_abyss_or_decor_passed, minmay_misc_feat_nine_boxes,
          small_statue_alley_a, argonaut_gorgonesque
D:15:     grunt_enter_depths_magical_seal, serial_shops, shop, minivault_25,
          uniq_sonja, uniq_kirke
Temple:   minmay_crystal_snake_temple

Skill      XL: |  1  2  3  4  5  6  7  8  9 10 |
---------------+-------------------------------+-----
Dodging        | 3 4 5 6 7 8 10 | 10.6
Unarmed Combat | 3 4 5 6 7 11 | 11.2
Invocations    | 1 2 3 6 7 |  7.0
Stealth        | 6 7 8 9 11 | 11.4
Fighting       | 3 4 5 7 |  7.6

Action                   |  1- 3 |  4- 6 |  7- 9 | 10-12 || total
-------------------------+-------+-------+-------+-------++-------
Melee: Unarmed           |    36 |   246 |   204 |   132 ||   618
       Punch             |     1 |     4 |     8 |     9 ||    22
       Bite              |       |    17 |    23 |    20 ||    60
Invok: Bend Time         |       |       |     4 |     2 ||     6
       Temporal Distorti |       |       |       |     9 ||     9
       Slouch            |       |       |       |     2 ||     2
Evoke: Wand              |       |       |    11 |     3 ||    14
  Use: Potion            |     2 |     5 |     7 |     4 ||    18
       Scroll            |     1 |     6 |     9 |     1 ||    17
 Stab: Sleeping          |     2 |    27 |    28 |     7 ||    64
       Invisible         |     2 |     5 |       |       ||     7
       Distracted        |       |       |     2 |       ||     2
  Eat: Chunk             |     4 |     5 |     5 |     8 ||    22
Armor: Skin              |     9 |     7 |     3 |     1 ||    20
Dodge: Dodged            |    22 |   220 |   186 |   108 ||   536
Block: Other             |       |       |     4 |    22 ||    26
       Reflection        |       |       |       |     1 ||     1
